 Dungeon Crawl Stone Soup version 0.27.1-4-g1640c2035a (webtiles) character file.

Game seed: 15831665590761808867

17782 Stomo444 the Pandemonic (level 12, -3/94 HPs)
             Began as a Demonspawn Monk on Nov 10, 2021.
             Was a High Priest of Makhleb.
             Shot with an arrow by Nessos (11 damage)
             ... on level 2 of the Orcish Mines.
             The game lasted 00:38:21 (13513 turns).

Stomo444 the Pandemonic (Demonspawn Monk)          Turns: 13513, Time: 00:38:21

Health: -3/94      AC:  9    Str: 17    XL:     12   Next: 21%
Magic:  0/8        EV: 22    Int: 12    God:    Makhleb [*****.]
Gold:   1801       SH:  0    Dex: 15    Spells: 11/11 levels left

rFire    . . .     SeeInvis .   H - +5 demon whip "Spellbinder" {antimagic, Will+}
rCold    . . .     Faith    .   (no shield)
rNeg     . . .     Spirit   +   b - +0 robe
rPois    .         Reflect  .   (helmet unavailable)
rElec    .         Harm     .   (no cloak)
rCorr    .         Rampage  .   (no gloves)
Will     ++...                  N - +2 pair of boots
Stlth    ++........             (no amulet)
HPRegen  0.25/turn              p - +4 ring of evasion
MPRegen  0.22/turn              i - +4 ring of protection

@: no status effects
A: horns 3, repulsion field 1, spiny 1, torment resistance 1, magic shield,
magic regeneration, demonic willpower
a: Renounce Religion, Minor Destruction, Lesser Servant of Makhleb, Major
Destruction, Greater Servant of Makhleb


You were on level 2 of the Orcish Mines.
You worshipped Makhleb.
Makhleb was extremely pleased with you.
You visited 2 branches of the dungeon, and saw 13 of its levels.

You collected 2792 gold pieces.
You spent 991 gold pieces at shops.

Inventory:

Hand Weapons
 a - a +0 mace
 r - a +2 whip of flaming
 u - a +3 flail of protection
 H - the +5 demon whip "Spellbinder" (weapon) {antimagic, Will+}
   (You bought it in a shop on level 11 of the Dungeon)

   It reduces the magical energy of the wielder, and disrupts the spells and
   magical abilities of those it strikes.
   Natural abilities and divine invocations are not affected.
   It unleashes wild and unpredictable magical effects upon striking a wizard or
   a creature with magical abilities.
   Will:      It increases your willpower.
Missiles
 c - 5 throwing nets (quivered)
Armour
 b - a +0 robe (worn)
 J - a +0 pair of boots
 N - a +2 pair of boots (worn)
 P - a +0 troll leather armour
Jewellery
 d - a ring of protection from fire
 i - a +4 ring of protection (right hand)
 p - a +4 ring of evasion (left hand)
 q - a +4 ring of evasion
 w - a ring of see invisible
Wands
 n - a wand of charming (12)
 G - a wand of mindburst (25)
Scrolls
 h - 3 scrolls of fog
 k - 8 scrolls of teleportation
 m - 2 scrolls of blinking
 t - 3 scrolls of torment
 y - a scroll of magic mapping
 D - 2 scrolls of identify
 E - a scroll of enchant armour {unknown}
 I - a scroll of immolation {unknown}
 L - a scroll of enchant weapon {unknown}
 M - a scroll of noise {unknown}
 O - a scroll of amnesia {unknown}
Potions
 e - 3 potions of might
 f - a potion of mutation {unknown}
 g - 6 potions of curing
 j - 2 potions of heal wounds
 l - 2 potions of degeneration {unknown}
 o - 3 potions of attraction {unknown}
 s - 4 potions of haste {unknown}
 v - a potion of ambrosia {unknown}
 x - 2 potions of flight
 z - 2 potions of resistance
 A - 2 potions of cancellation {unknown}
 B - 2 potions of magic {unknown}
 C - 2 potions of brilliance
 F - 2 potions of berserk rage {unknown}
 K - a potion of invisibility {unknown}


   Skills:
 + Level 8.9 Fighting
 + Level 8.1 Maces & Flails
 + Level 8.1 Dodging
 - Level 1.7 Stealth
 + Level 17.3 Invocations


You had 11 spell levels left.
You didn't know any spells.
Your spell library contained the following spells:

 Spells                   Type           Power      Damage    Failure   Level
 Apportation              Tloc           0%         N/A       32%         1
 Dazzling Flash           Conj/Hex       0%         N/A       69%         3
 Ozocubu's Armour         Ice            0%         N/A       69%         3
 Fulminant Prism          Conj/Hex       0%         3d6       97%         4
 Iskenderun's Mystic Bla  Conj/Tloc      0%         2d3       97%         4
 Agony                    Necr           0%         N/A       100%        5
 Alistair's Intoxication  Tmut/Pois      0%         N/A       100%        5
 Lee's Rapid Deconstruct  Erth           0%         3d5*      100%        5
 Silence                  Hex/Air        0%         N/A       100%        5
 Invisibility             Hex            0%         N/A       100%        6
 Ozocubu's Refrigeration  Ice            0%         4d5       100%        7


Dungeon Overview and Level Annotations

Branches:
Dungeon (11/15)            Temple (0/1) D:4            Lair (0/6) D:11
    Orc (2/2) D:11
    Elf: Orc:2

Altars:
Cheibriados
Dithmenos
Makhleb
Ru
Sif Muna
Wu Jian
The Shining One
Beogh

Shops:
D:2 [   D:11 (

Portals:
Gauntlet: Orc:2

Annotations:
D:3 2 transporters, unlimited1921's ghost, amateur GnAM
D:8 2 transporters
Orc:2 Nessos


Innate Abilities, Weirdness & Mutations

You have a pair of large horns on your head.
You are surrounded by a mild repulsion field. (EV +2)
You are partially covered in sharp spines.
You are resistant to unholy torment.
When hurt, damage is shared between your health and your magic reserves.
You regenerate magic rapidly.
You punish those that try to bend your will. (Will+)


Message History

An orc comes into view. It is wielding a +0 dagger.
An orc warrior comes into view. It is wielding a +0 flail.
The orc high priest mumbles some strange prayers to Beogh.
Unknown command.
You hit the orc knight but do no damage.
The orc high priest no longer looks unusually strong.
Your cacodemon closely misses the orc high priest.
Your cacodemon hits the orc high priest!
An orc priest comes into view. It is wielding a +0 hand axe.
The orc knight roars a battlecry!
The orc high priest goes into a battle-frenzy!
The orc high priest hits your cacodemon with a +2 vorpal war axe.
Your balrug closely misses the orc high priest.
The red devil hits you from afar with a +0 trident!
* * * LOW HITPOINT WARNING * * *
An orc warrior comes into view. It is wielding a +0 battleaxe.
You hear a shout! x2
Blink to where?
Press: ? - help, Dir - move target
As you read the scroll of blinking, it crumbles to dust.
Your cacodemon gestures at the orc knight.
The orc high priest twists and deforms.
Found 18 gold pieces.
Found a stone staircase leading up.
Something closely misses your cacodemon.
Your balrug hits the orc knight with a +3 vampiric demon whip!
The orc knight is engulfed in flames!!
Your balrug is healed.
Your balrug disappears in a puff of smoke!
Some rock shatters into small pieces.
Nessos shouts!
Nessos wields a +3 longbow of flaming.
It bursts into flame!
Nessos shoots an arrow.
The arrow hits you.
* * * LOW HITPOINT WARNING * * *
The arrow burns you.
* * * LOW HITPOINT WARNING * * *
Nessos shoots an arrow.
The arrow barely misses you.
There is a stone staircase leading up, spattered with blood here.
Items here: )) [[ ††.
The orc knight roars a battlecry!
Nessos shoots an arrow.
The arrow hits you!
You die...

#§)..).....###......# ###......#
#...§.......###.....###.......##
####.#..o...##........#)....###
####.....#.....#...#.)##.#
##........###...)).####
##......#####).)...#
####.....).#..))....##
#..........#))).......#
##....##.@†))).#..<....#
#.....###..).).##.......#
.....####.....).####.....#
#.#$<. ##......## ...#.# ###.#.
#..c....$# .#####
#.##......#........#
......##.......$#
..∩..######......# #...#
#.....##


You could see Nessos and an orc knight.

Vanquished Creatures
  An ogre mage (D:11)
  2 two-headed ogres (D:11)
  Pikel (D:8)
  A deep elf pyromancer (D:10)
  An ugly thing (D:10)
  A manticore (D:11)
  Maggie (D:8)
  An unseen horror (D:11)
  A troll (Orc:2)
  A meliai zombie (D:10)
  A wyvern (D:9)
  7 yaks (D:9)
  A wyvern (shapeshifter) (D:9)
  Sigmund (D:4)
  Eustachio (D:6)
  A wraith (D:9)
  A steam dragon (D:8)
  A warg (Orc:1)
  25 orc warriors
  2 water moccasins
  6 ogres
  The ghost of Icepheonix32 the Insei, an amateur MfTm (D:4)
  2 centaurs (D:10)
  A lemure (D:8)
  3 phantoms
  A kobold brigand (D:8)
  2 bullfrogs
  3 gnoll sergeants
  A scorpion (D:6)
  A water moccasin skeleton (D:4)
  A killer bee (D:9)
  6 howler monkeys
  2 electric eels (D:8)
  A bullfrog zombie (D:5)
  2 centaur zombies
  3 gnoll shamans
  2 jellies (D:7)
  23 orc priests
  3 hounds
  5 centaur skeletons
  3 bullfrog skeletons
  Natasha (thrice) (D:4)
  An iguana (D:6)
  18 orc wizards
  30 gnolls
  A howler monkey zombie (D:10)
  13 adders
  3 shadow imps
  A white imp (D:8)
  2 ufetubi (D:4)
  An adder skeleton (D:4)
  2 worms
  4 dart slugs
  83 orcs
  10 endoplasms
  4 giant cockroaches
  8 goblins
  7 hobgoblins
  7 jackals
  6 quokkas
  9 ball pythons
  2 bats
  3 frilled lizards
  10 kobolds
  A quokka skeleton (D:4)
  2 rats (D:1)
355 creatures vanquished.

Vanquished Creatures (collateral kills)
  An ettin (Orc:1)
  Erica (D:8)
  4 orc knights
  An orc sorcerer (Orc:2)
  2 trolls (Orc:2)
  Prince Ribbit (D:8)
  A wyvern (D:8)
  A shadow (D:10)
  2 yaks (D:9)
  Edmund (D:4)
  A warg (Orc:1)
  12 orc warriors
  3 ogres (Orc:2)
  Blork the orc (D:4)
  2 killer bees (D:9)
  A gnoll shaman (D:9)
  8 orc priests
  10 orc wizards (Orc:2)
  2 adders (D:3)
  21 orcs
  A goblin (D:3)
77 creatures vanquished.

Vanquished Creatures (others)
  5 plants (D:8)
5 creatures vanquished.

Grand Total: 437 creatures vanquished

Notes
Turn   | Place    | Note
-------+----------+-------------------------------------------
     0 | D:1      | Stomo444 the Demonspawn Monk began the quest for the Orb.
     0 | D:1      | Reached XP level 1. HP: 18/18 MP: 1/1
    69 | D:1      | Found a faded altar of an unknown god.
   272 | D:1      | Became a worshipper of Makhleb the Destroyer
   272 | D:1      | Reached * piety under Makhleb
   272 | D:1      | Reached ** piety under Makhleb
   331 | D:1      | Gained mutation: You have a pair of small horns on your
                  | head. [demonic ancestry]
   331 | D:1      | Reached XP level 2. HP: 22/24 MP: 2/2
   610 | D:1      | Reached *** piety under Makhleb
  1147 | D:2      | Found Qyxkaf's Armour Boutique.
  1201 | D:2      | Reached skill level 1 in Invocations
  1221 | D:2      | You fall into a shaft and drop 1 floor!
  1225 | D:3      | Reached XP level 3. HP: 27/29 MP: 3/3
  1569 | D:2      | Gained mutation: You regenerate magic rapidly. [demonic
                  | ancestry]
  1569 | D:2      | Reached XP level 4. HP: 25/36 MP: 5/5
  1912 | D:3      | Reached skill level 2 in Invocations
  2139 | D:3      | Found a transporter.
  2141 | D:3      | Noticed unlimited1921's ghost (amateur GnAM)
  2143 | D:3      | Found a transporter.
  2143 | D:3      | Identified the +3 great mace "Loaxoq Ratti" {vorpal, rElec}
  2143 | D:3      | Noticed an ogre
  2299 | D:3      | Reached **** piety under Makhleb
  2664 | D:4      | Gained mutation: When hurt, damage is shared between your
                  | health and your magic reserves. [demonic ancestry]
  2664 | D:4      | Reached XP level 5. HP: 42/42 MP: 6/6
  2699 | D:4      | Reached skill level 3 in Invocations
  2756 | D:4      | Found a staircase to the Ecumenical Temple.
  2800 | D:4      | Noticed Edmund
  2802 | D:4      | Noticed Blork the orc
  2814 | D:4      | Killed Edmund
  2818 | D:4      | Killed Blork the orc
  2819 | D:4      | Gained mutation: You are partially covered in sharp spines.
                  | [demonic ancestry]
  2819 | D:4      | Reached XP level 6. HP: 21/48 MP: 5/8
  3174 | D:4      | Reached skill level 4 in Invocations
  3461 | D:4      | Identified a scroll of acquirement
  3462 | D:4      | Acquired 907 gold pieces
  3546 | D:4      | Found a runed translucent door.
  3565 | D:4      | Reached skill level 5 in Invocations
  3588 | D:4      | Noticed Natasha
  3591 | D:4      | Killed Natasha
  3630 | D:4      | Noticed Natasha
  3634 | D:4      | Killed Natasha
  3635 | D:4      | Gained mutation: You have a pair of horns on your head.
                  | [demonic ancestry]
  3635 | D:4      | Reached XP level 7. HP: 55/55 MP: 10/10
  3691 | D:4      | Noticed Sigmund
  3693 | D:4      | Killed Sigmund
  3881 | D:4      | Noticed Natasha
  3886 | D:4      | Killed Natasha
  3982 | D:4      | Noticed Icepheonix32's ghost (amateur MfTm)
  3990 | D:4      | Reached skill level 5 in Fighting
  3990 | D:4      | Reached skill level 6 in Invocations
  3991 | D:4      | Killed Icepheonix32's ghost
  4084 | D:5      | Entered Level 5 of the Dungeon
  4120 | D:5      | Reached skill level 7 in Invocations
  4120 | D:5      | Gained mutation: You have a pair of large horns on your
                  | head. [demonic ancestry]
  4120 | D:5      | Reached XP level 8. HP: 62/62 MP: 13/13
  4505 | D:5      | Reached skill level 5 in Dodging
  4508 | D:5      | Reached skill level 5 in Maces & Flails
  4768 | D:5      | Found a shadowy altar of Dithmenos.
  4848 | D:6      | Reached skill level 8 in Invocations
  4849 | D:6      | Noticed Eustachio
  4858 | D:6      | Killed Eustachio
  5100 | D:6      | Reached ***** piety under Makhleb
  5102 | D:6      | Reached skill level 9 in Invocations
  5164 | D:6      | Found a shimmering blue altar of Sif Muna.
  5171 | D:6      | Found an ornate altar of the Wu Jian Council.
  5244 | D:6      | Gained mutation: You are surrounded by a mild repulsion
                  | field. (EV +2) [demonic ancestry]
  5244 | D:6      | Reached XP level 9. HP: 69/69 MP: 15/15
  5573 | D:7      | Found a sacrificial altar of Ru.
  6256 | D:8      | Found a transporter.
  6269 | D:8      | Noticed Maggie
  6271 | D:8      | Noticed Prince Ribbit
  6273 | D:8      | Reached skill level 10 in Invocations
  6275 | D:8      | Killed Maggie
  6276 | D:8      | Reached skill level 11 in Invocations
  6410 | D:8      | Noticed a troll
  6473 | D:8      | Noticed Pikel
  6474 | D:8      | Noticed Erica
  6480 | D:8      | Killed Pikel
  6481 | D:8      | Reached skill level 12 in Invocations
  6807 | D:8      | Killed Erica
  6808 | D:8      | Reached skill level 13 in Invocations
  6808 | D:8      | Gained mutation: You punish those that try to bend your
                  | will. (Will+) [demonic ancestry]
  6808 | D:8      | Reached XP level 10. HP: 47/77 MP: 16/20
  6996 | D:8      | Killed Prince Ribbit
  7402 | D:8      | Found a transporter.
  7599 | D:8      | Identified the +6 short sword "Jocabrev" {vorpal, rF+
                  | Stlth+}
  8149 | D:9      | Reached skill level 14 in Invocations
  8253 | D:9      | Found a snail-covered altar of Cheibriados.
  8511 | D:9      | Reached skill level 15 in Invocations
  8641 | D:9      | Identified the +1 battleaxe of Extermination {venom, rC++
                  | Int+2 Dex-5}
  8839 | D:9      | Reached skill level 16 in Invocations
  9048 | D:10     | Entered Level 10 of the Dungeon
  9166 | D:10     | Identified the +4 fustibalus "Duob" {speed, Str+2}
  9223 | D:10     | Noticed a white ugly thing
  9250 | D:10     | Killed a white ugly thing
 10197 | D:11     | Noticed an ogre mage
 10197 | D:11     | Noticed a two-headed ogre
 10197 | D:11     | Noticed a two-headed ogre
 10197 | D:11     | Noticed a two-headed ogre
 10247 | D:10     | Acquired 680 gold pieces
 10343 | D:11     | Found Xafeng's Weapon Shop.
 10343 | D:11     | Found a staircase to the Orcish Mines.
 10349 | D:11     | Gained mutation: You are resistant to unholy torment.
                  | [demonic ancestry]
 10349 | D:11     | Reached XP level 11. HP: 69/83 MP: 20/23
 10354 | D:11     | Killed an ogre mage
 10536 | D:11     | Noticed a deep elf pyromancer
 10536 | D:11     | Killed a two-headed ogre
 10542 | D:11     | Killed a two-headed ogre
 10745 | D:10     | Killed a deep elf pyromancer
 11002 | D:11     | Bought the +5 demon whip "Spellbinder" {antimagic, Will+}
                  | for 991 gold pieces
 11002 | D:11     | Found the +5 demon whip "Spellbinder" {antimagic, Will+}
 11437 | D:11     | Noticed an orc knight
 11491 | D:11     | Killed an orc knight
 11726 | D:11     | Found a staircase to the Lair.
 12219 | Orc:1    | Entered Level 1 of the Orcish Mines
 12219 | Orc:1    | Noticed an orc knight
 12223 | Orc:1    | Killed an orc knight
 12223 | Orc:1    | Noticed an orc knight
 12229 | Orc:1    | Noticed an ettin
 12231 | Orc:1    | Killed an orc knight
 12232 | Orc:1    | Reached skill level 17 in Invocations
 12234 | Orc:1    | Killed an ettin
 12792 | Orc:1    | Found a runed translucent door.
 12964 | Orc:1    | Reached XP level 12. HP: 54/94 MP: 4/24
 13182 | Orc:2    | Entered Level 2 of the Orcish Mines
 13182 | Orc:2    | Found a gate leading to a gauntlet.
 13479 | Orc:2    | Noticed Nessos
 13487 | Orc:2    | Noticed an orc high priest
 13487 | Orc:2    | Noticed an orc high priest
 13513 | Orc:2    | Shot with an arrow by Nessos

Illustrated notes

Levels and vault maps discovered:
D:1:      minmay_arrival_doors, layout_loops_ring,
          ebering_ecumenical_altar_sacrificial, minmay_misc_feat_encased
D:2:      layout_rooms, serial_shops, shop
D:3:      layout_loops_ring, gammafunk_ghost_smash, portal_sewer_entry_f,
          minmay_distorted
D:4:      minmay_thinvault, layout_gridville, minmay_temple_entry_metal_lava,
          ebering_ghost_sewer_d, uniq_natasha, uniq_blork_the_orc, uniq_sigmund,
          uniq_edmund
D:5:      layout_cave_pools, grunt_dithmenos_shadows
D:6:      layout_rooms, grunt_temple_overflow_diamond, nicolae_water_bricks,
          uniq_eustachio
D:7:      layout_cave_pools, hangedman_ru_absence
D:8:      gammafunk_cloud_chamber, layout_basic, serial_bayou_ford_a,
          lightli_corner_chamber, uniq_maggie, uniq_pikel, uniq_prince_ribbit1,
          uniq_erica
D:9:      layout_gridville, kennysheep_slug_shrine
D:10:     layout_basic, minivault_23
D:11:     layout_roguey [special_room_orc], lair_entry_dummy, orc_david_3,
          special_room [special_room_orc]
Orc:1:    layout_caves, basic_altar, lightli_church_of_beogh
Orc:2:    st_orc_congregation, layout_diamond_mine, gauntlet_entry_generic,
          uniq_nessos

Skill      XL: |  1  2  3  4  5  6  7  8  9 10 11 12 |
---------------+-------------------------------------+-----
Maces & Flails | 3 4 5 6 7 8 |  8.1
Dodging        | 3 4 5 6 7 8 |  8.1
Invocations    | 1 2 3 5 7 9 13 16 17 | 17.3
Fighting       | 4 5 6 8 |  8.9
Stealth        | |  1.7

Action                   |  1- 3 |  4- 6 |  7- 9 | 10-12 || total
-------------------------+-------+-------+-------+-------++-------
Melee: Mace              |    79 |    63 |       |       ||   142
       Headbutt          |    11 |    17 |    26 |    64 ||   118
       Whip              |       |    39 |       |     1 ||    40
       Flail             |       |    23 |   136 |    98 ||   257
       Demon whip        |       |       |       |   244 ||   244
Invok: Minor Destruction |     4 |     8 |    23 |    51 ||    86
       Lesser Servant of |     1 |     4 |     2 |     9 ||    16
       Major Destruction |       |     1 |    31 |    23 ||    55
       Greater Servant o |       |       |       |     4 ||     4
  Use: Scroll            |       |     5 |     6 |     6 ||    17
       Potion            |       |       |     1 |       ||     1
 Stab: Sleeping          |     7 |     2 |     3 |       ||    12
       Distracted        |       |       |     1 |     2 ||     3
Armor: Robe              |    15 |    24 |    38 |    67 ||   144
Dodge: Dodged            |    56 |   103 |   148 |   271 ||   578
